[Event "ICC tourney 3107 (30 10)"]
[Site "Internet Chess Club"]
[Date "2023.01.21"]
[Round "1"]
[White "DINESH, ABINAV:abi2009"]
[Black "Fawzy, Adham:domti"]
[Result "0-1"]
[ICCResult "White resigns"]
[WhiteElo "1986"]
[BlackElo "2539"]
[Opening "Sicilian: Labourdonnais-Löwenthal (Kalashnikov) variation"]
[ECO "B32"]
[NIC "SI.32"]
[Time "12:00:46"]
[PlyCount "70"]
[TimeControl "1800+10"]

1. e4 c5 2. Nf3 Nc6 3. d4 cxd4 4. Nxd4 e5 5. Nb5 d6 6. N1c3 a6 7. Na3 b5 8.
Nd5 Nge7 9. Bg5 h6 10. Be3 Nxd5 11. Qxd5 Qc7 12. Bxb5 axb5 13. Nxb5 Qb7 14.
O-O Be6 15. Nxd6+ Bxd6 16. Qxd6 Rd8 17. Qc5 f6 18. a4 Nd4 19. Bxd4 Rxd4 20.
f3 Kf7 21. c3 Rc4 22. Qa3 Rb8 23. b4 Rbc8 24. Rfc1 Qa7+ 25. Kh1 Qe3 26. b5
Rxc3 27. Rxc3 Rxc3 28. Qb2 Rb3 29. Qc2 Ra3 30. Rb1 Ra2 31. Qc7+ Kg8 32. b6
Qe2 33. Rg1 Bh3 34. Qxg7+ Kxg7 35. gxh3+ Kf7 {White resigns} 0-1

[Event "ICC tourney 3107 (30 10)"]
[Site "Internet Chess Club"]
[Date "2023.01.21"]
[Round "1"]
[White "HEBDEN, MARK L:mhebden"]
[Black "Jin, Xiaodong:SuperWJ"]
[Result "1-0"]
[ICCResult "Black resigns"]
[WhiteElo "2529"]
[BlackElo "1944"]
[Opening "Grünfeld: exchange variation"]
[ECO "D85"]
[NIC "GI.03"]
[Time "12:00:45"]
[PlyCount "75"]
[TimeControl "1800+10"]

1. d4 Nf6 2. c4 g6 3. Nc3 d5 4. cxd5 Nxd5 5. Bd2 Bg7 6. e4 Nxc3 7. Bxc3 O-O
8. Bc4 Nd7 9. Nf3 c5 10. d5 Bxc3+ 11. bxc3 Qc7 12. O-O Ne5 13. Nxe5 Qxe5 14.
Qd3 Qh5 15. f4 a6 16. a4 Bd7 17. a5 Rad8 18. Rab1 Bc8 19. Qe3 e6 20. Qxc5
exd5 21. Bxd5 Be6 22. c4 Bxd5 23. cxd5 Qe2 24. e5 Rc8 25. Qf2 Qe4 26. d6 Rc2
27. Qf3 Qd4+ 28. Kh1 Qd2 29. Rxb7 Qxa5 30. h3 Rc3 31. Qe4 Qa3 32. Kh2 Qa2
33. f5 Rc2 34. fxg6 hxg6 35. Rfxf7 Rxg2+ 36. Qxg2 Qxg2+ 37. Kxg2 Rxf7 38. d7
{Black resigns}
1-0

[Event "ICC tourney 3107 (30 10)"]
[Site "Internet Chess Club"]
[Date "2023.01.21"]
[Round "1"]
[White "Belous, Vladimir:Openyagami"]
[Black "NGUYEN, TIEN:ngthanhthuytien"]
[Result "1-0"]
[ICCResult "Black resigns"]
[WhiteElo "2562"]
[BlackElo "2050"]
[Opening "English opening"]
[ECO "A20"]
[NIC "EO.24"]
[Time "12:07:18"]
[PlyCount "91"]
[TimeControl "1800+10"]

1. c4 e5 2. g3 Nf6 3. Bg2 d5 4. cxd5 Nxd5 5. Nf3 Nc6 6. O-O Be7 7. d4 exd4
8. Nxd4 Nxd4 9. Qxd4 Nf6 10. Qa4+ c6 11. Rd1 Bd7 12. Nc3 O-O 13. Bg5 h6 14.
Bxf6 Bxf6 15. Ne4 Be7 16. Bh3 Bxh3 17. Rxd8 Rfxd8 18. Rd1 Rxd1+ 19. Qxd1 Rd8
20. Qb3 b6 21. f3 Be6 22. Qa4 f5 23. Qxa7 Kf8 24. Nf2 Bc5 25. Kf1 Rd2 26.
Nd3 Be3 27. h4 Rd1+ 28. Kg2 Rd2 29. Qb8+ Kf7 30. Qe5 Bc5 31. Nxc5 bxc5 32.
a4 Bc4 33. Kf2 Rd5 34. Qc7+ Kg8 35. Qxc6 Re5 36. e3 Rd5 37. Ke1 Bb3 38. a5
Rd1+ 39. Ke2 Rc1 40. Qc8+ Kh7 41. Qxf5+ Kh8 42. Kd2 Rd1+ 43. Kc3 c4 44. a6
Rd3+ 45. Qxd3 cxd3 46. Kxb3 {Black resigns} 1-0

[Event "ICC tourney 3107 (30 10)"]
[Site "Internet Chess Club"]
[Date "2023.01.21"]
[Round "1"]
[White "LIANG, YU-CHENG:Yucheng"]
[Black "ZHOU, JIANCHAO:TomCruise999"]
[Result "0-1"]
[ICCResult "White forfeits on time"]
[WhiteElo "2095"]
[BlackElo "2638"]
[Opening "QGD: Tartakower variation"]
[ECO "D59"]
[NIC "QO.10"]
[Time "12:09:10"]
[PlyCount "98"]
[TimeControl "1800+10"]

1. d4 Nf6 2. c4 e6 3. Nc3 d5 4. Bg5 Be7 5. Nf3 h6 6. Bh4 O-O 7. e3 b6 8.
cxd5 Nxd5 9. Bxe7 Qxe7 10. Nxd5 exd5 11. Rc1 Be6 12. Bd3 c5 13. b3 Rc8 14.
O-O Nc6 15. h3 cxd4 16. exd4 Qa3 17. Qd2 a5 18. Rc3 Nb4 19. Rxc8+ Rxc8 20.
Bb1 a4 21. bxa4 Qxa4 22. Re1 Qa3 23. Re3 Qc1+ 24. Qxc1 Rxc1+ 25. Re1 Rc3 26.
Re3 Rc1+ 27. Re1 Rc4 28. Re3 Nc6 29. Rb3 Nxd4 30. Nxd4 Rxd4 31. Kf1 Rd1+ 32.
Ke2 Rg1 33. Rxb6 Kf8 34. a4 Rc1 35. a5 Rc5 36. a6 Ra5 37. Bd3 Ke7 38. Ke3
Kd7 39. Ke2 Kc7 40. Rb7+ Kc6 41. Ke3 Kc5 42. Rc7+ Kd6 43. Rb7 Ra3 44. g4 g5
45. Rb6+ Ke5 46. Kd2 d4 47. Rb5+ Kf4 48. Rb4 Kf3 49. Rxd4 Kxf2
{White forfeits on time}
0-1

[Event "ICC tourney 3107 (30 10)"]
[Site "Internet Chess Club"]
[Date "2023.01.21"]
[Round "1"]
[White "LU, JOSHUA:qingjoshua"]
[Black "Volkov, Sergey:Volkov"]
[Result "0-1"]
[ICCResult "White resigns"]
[WhiteElo "1922"]
[BlackElo "2522"]
[Opening "English, Kramnik-Shirov counterattack"]
[ECO "A21"]
[NIC "EO.23"]
[Time "12:02:02"]
[PlyCount "104"]
[TimeControl "1800+10"]

1. c4 e5 2. Nc3 Bb4 3. Nd5 Bc5 4. e3 Nf6 5. Ne2 O-O 6. g3 Re8 7. Bg2 c6 8.
Nxf6+ Qxf6 9. O-O d6 10. Nc3 Bf5 11. d3 Nd7 12. Rb1 a5 13. a3 Qg6 14. e4 Bg4
15. Bf3 h5 16. b4 axb4 17. axb4 Bd4 18. Bb2 Nf6 19. Kg2 h4 20. h3 Be6 21.
Qe2 Ra6 22. Ra1 Rea8 23. Rxa6 Rxa6 24. b5 Ra8 25. bxc6 bxc6 26. Qd2 Nd7 27.
Ne2 Ra2 28. Nxd4 exd4 29. Ra1 Rxa1 30. Bxa1 Ne5 31. Be2 c5 32. Qf4 hxg3 33.
fxg3 f6 34. Bb2 Qe8 35. Bc1 Qa4 36. Qd2 Qb3 37. Qb2 Qxb2 38. Bxb2 f5 39. Bc1
fxe4 40. dxe4 Bxc4 41. Bd1 Bd3 42. Bf3 Kf7 43. Bf4 c4 44. Kf2 c3 45. Bh5+
Ke6 46. Bf3 Bc4 47. Bd1 Ba2 48. Ke2 d3+ 49. Ke1 Nc4 50. Bg4+ Kf6 51. Bf3 g5
52. Bc1 d2+ {White resigns} 0-1

[Event "ICC tourney 3107 (30 10)"]
[Site "Internet Chess Club"]
[Date "2023.01.21"]
[Round "2"]
[White "ZHOU, JIANCHAO:TomCruise999"]
[Black "HEBDEN, MARK L:mhebden"]
[Result "0-1"]
[ICCResult "White resigns"]
[WhiteElo "2638"]
[BlackElo "2529"]
[Opening "King's Indian defense"]
[ECO "E60"]
[NIC "KI.80"]
[Time "14:00:15"]
[PlyCount "56"]
[TimeControl "1800+10"]

1. d4 Nf6 2. c4 g6 3. h4 c5 4. d5 b5 5. cxb5 a6 6. e3 axb5 7. Bxb5 Qa5+ 8.
Nc3 Ba6 9. Bxa6 Qxa6 10. Nge2 d6 11. O-O Nbd7 12. a4 Bg7 13. Nb5 Qb7 14.
Nec3 O-O 15. e4 Ne8 16. h5 Nc7 17. hxg6 fxg6 18. Rb1 c4 19. Be3 Nxb5 20.
Nxb5 Rfc8 21. b3 cxb3 22. Rxb3 Qa6 23. Rb4 Nc5 24. Rc4 Nxa4 25. Rxc8+ Qxc8
26. Na7 Qc4 27. Qg4 Nc3 28. Nc6 Qxf1+ {White resigns} 0-1

[Event "ICC tourney 3107 (30 10)"]
[Site "Internet Chess Club"]
[Date "2023.01.21"]
[Round "2"]
[White "Fawzy, Adham:domti"]
[Black "YAN, RUIYANG:jy2020"]
[Result "1-0"]
[ICCResult "Black resigns"]
[WhiteElo "2539"]
[BlackElo "2227"]
[Opening "Sicilian: Najdorf, 6.Bg5"]
[ECO "B94"]
[NIC "SI.04"]
[Time "14:00:23"]
[PlyCount "49"]
[TimeControl "1800+10"]

1. e4 c5 2. Nf3 d6 3. d4 cxd4 4. Nxd4 Nf6 5. Nc3 a6 6. Bg5 Nbd7 7. Bc4 Qb6
8. Bb3 e6 9. Bxf6 Nxf6 10. Qd2 Nd7 11. O-O-O Nc5 12. Rhe1 Qc7 13. Nf5 Nxb3+
14. axb3 exf5 15. Nd5 Qc5 16. b4 Qc6 17. Re3 Kd8 18. Rc3 Qa4 19. Qg5+ f6 20.
Nxf6 gxf6 21. Qxf6+ Ke8 22. exf5 Qd7 23. Re1+ Be7 24. Qxh8+ Kf7 25. Rg3
{Black resigns}
1-0

[Event "ICC tourney 3107 (30 10)"]
[Site "Internet Chess Club"]
[Date "2023.01.21"]
[Round "2"]
[White "NGUYEN, TIEN:ngthanhthuytien"]
[Black "LU, JOSHUA:qingjoshua"]
[Result "1-0"]
[ICCResult "Black resigns"]
[WhiteElo "2050"]
[BlackElo "1922"]
[Opening "English opening"]
[ECO "A05"]
[NIC "EO.52"]
[Time "14:00:54"]
[PlyCount "47"]
[TimeControl "1800+10"]

1. Nf3 Nf6 2. c4 g6 3. Nc3 d5 4. cxd5 Nxd5 5. h4 h5 6. e4 Nxc3 7. bxc3 Bg7
8. Rb1 O-O 9. Be2 c5 10. Ng5 Nc6 11. Bxh5 Ne5 12. d4 cxd4 13. cxd4 Nc4 14.
Be2 Nd6 15. h5 Bf6 16. hxg6 Bxg5 17. Bxg5 fxg6 18. Qb3+ Nf7 19. Bh6 Re8 20.
Qg3 Qd6 21. e5 Qe6 22. Rb3 g5 23. Bxg5 Qg6 24. Bxe7 {Black resigns} 1-0

[Event "ICC tourney 3107 (30 10)"]
[Site "Internet Chess Club"]
[Date "2023.01.21"]
[Round "2"]
[White "Volkov, Sergey:Volkov"]
[Black "Belous, Vladimir:Openyagami"]
[Result "0-1"]
[ICCResult "White checkmated"]
[WhiteElo "2522"]
[BlackElo "2562"]
[Opening "Grünfeld: Russian variation"]
[ECO "D97"]
[NIC "GI.10"]
[Time "14:00:19"]
[PlyCount "86"]
[TimeControl "1800+10"]

1. d4 Nf6 2. c4 g6 3. Nc3 d5 4. Nf3 Bg7 5. Qb3 dxc4 6. Qxc4 Be6 7. Qb5+ Bd7
8. Qxb7 Nc6 9. Qb3 Rb8 10. Qd1 Bf5 11. Qa4 Qd7 12. a3 Be6 13. e3 Bb3 14. Qa6
Rb6 15. Qd3 O-O 16. Nd2 Na5 17. Be2 Rd8 18. O-O e5 19. Rb1 exd4 20. exd4 Be6
21. Qg3 Nc6 22. Nf3 Bf5 23. Ra1 Nh5 24. Qh4 h6 25. Ne5 Qxd4 26. Qxd4 Nxd4
27. Bxh5 gxh5 28. Nc4 Rbb8 29. Na5 Nc2 30. Ra2 Be6 31. b4 Bxa2 32. Nxa2 Re8
33. Bd2 Nxa3 34. Nc1 Nc2 35. Ncb3 Nxb4 36. Rc1 Nd3 37. Rxc7 Bd4 38. g3 Bxf2+
39. Kg2 Bb6 40. Rc6 Bxa5 41. Nxa5 Re2+ 42. Kh3 Rxd2 43. Kh4 Rxh2#
{White checkmated}
0-1

[Event "ICC tourney 3107 (30 10)"]
[Site "Internet Chess Club"]
[Date "2023.01.21"]
[Round "2"]
[White "Jin, Xiaodong:SuperWJ"]
[Black "DINESH, ABINAV:abi2009"]
[Result "0-1"]
[ICCResult "White resigns"]
[WhiteElo "1944"]
[BlackElo "1986"]
[Opening "Nimzovich-Larsen attack: Indian variation"]
[ECO "A01"]
[NIC "VO.08"]
[Time "14:00:08"]
[PlyCount "74"]
[TimeControl "1800+10"]

1. b3 Nf6 2. Bb2 d5 3. e3 Bf5 4. Nf3 e6 5. g3 Be7 6. Bg2 O-O 7. O-O c5 8. c4
Nc6 9. d4 Rc8 10. cxd5 Nxd5 11. Nbd2 Bd3 12. Re1 Ndb4 13. Nc4 Be4 14. Nfe5
Bxg2 15. Kxg2 b5 16. Nxc6 Nxc6 17. Ne5 Qc7 18. Nxc6 Qxc6+ 19. Kg1 Rfd8 20.
Qg4 Bf6 21. d5 exd5 22. Bxf6 Qxf6 23. Rad1 Rc6 24. e4 d4 25. e5 Qe6 26. Qg5
Rd7 27. f4 h6 28. Qh4 Qf5 29. Rf1 h5 30. Rf2 c4 31. bxc4 bxc4 32. Rg2 Qg4
33. Qxg4 hxg4 34. f5 d3 35. Rgd2 c3 36. Rxd3 Rxd3 37. Rxd3 c2 {White
resigns} 0-1

[Event "ICC tourney 3107 (30 10)"]
[Site "Internet Chess Club"]
[Date "2023.01.21"]
[Round "2"]
[White "Gaw, Chloe:HarleyQueen8"]
[Black "LIANG, YU-CHENG:Yucheng"]
[Result "1/2-1/2"]
[ICCResult "Game drawn by mutual agreement"]
[WhiteElo "2035"]
[BlackElo "2095"]
[Opening "Nimzo-Indian: 4.e3 c5"]
[ECO "E41"]
[NIC "NI.15"]
[Time "14:00:08"]
[PlyCount "54"]
[TimeControl "1800+10"]

1. d4 Nf6 2. c4 e6 3. Nc3 Bb4 4. e3 c5 5. Bd3 Nc6 6. Ne2 cxd4 7. exd4 d5 8.
a3 Be7 9. O-O O-O 10. b3 b6 11. Bb2 Bb7 12. Rc1 Rc8 13. cxd5 Nxd5 14. Nxd5
Qxd5 15. Bc4 Qh5 16. Qd3 Rfd8 17. Qg3 Bf6 18. Rfd1 Na5 19. Nf4 Qg5 20. Nxe6
Qxg3 21. hxg3 Rd6 22. Nf4 Nxc4 23. Rxc4 Rxc4 24. bxc4 Ba6 25. Nd5 Bxc4 26.
Nxf6+ gxf6 27. f3 a5 {Game drawn by mutual agreement} 1/2-1/2

[Event "ICC tourney 3107 (30 10)"]
[Site "Internet Chess Club"]
[Date "2023.01.21"]
[Round "3"]
[White "DINESH, ABINAV:abi2009"]
[Black "Volkov, Sergey:Volkov"]
[Result "0-1"]
[ICCResult "White resigns"]
[WhiteElo "1986"]
[BlackElo "2522"]
[Opening "French: advance, Euwe variation"]
[ECO "C02"]
[NIC "FR.03"]
[Time "16:00:19"]
[PlyCount "54"]
[TimeControl "1800+10"]

1. e4 e6 2. d4 d5 3. e5 c5 4. c3 Nc6 5. Nf3 Bd7 6. a3 c4 7. Nbd2 Na5 8. g3
Ne7 9. Bg2 Qc7 10. O-O Nec6 11. Nh4 g5 12. Nhf3 Be7 13. Ne1 O-O-O 14. f4
gxf4 15. Rxf4 Rdf8 16. Qf3 Be8 17. h4 Kb8 18. Nc2 f6 19. exf6 Bd6 20. f7
Bxf7 21. Rf6 Bg6 22. Nb4 Qg7 23. Rxf8+ Rxf8 24. Qe2 Bf5 25. Nxc6+ bxc6 26.
Ra2 Qxg3 27. Nf1 Qxh4 {White resigns} 0-1

[Event "ICC tourney 3107 (30 10)"]
[Site "Internet Chess Club"]
[Date "2023.01.21"]
[Round "3"]
[White "YAN, RUIYANG:jy2020"]
[Black "ZHOU, JIANCHAO:TomCruise999"]
[Result "0-1"]
[ICCResult "White resigns"]
[WhiteElo "2227"]
[BlackElo "2638"]
[Opening "Ruy Lopez: Berlin defense"]
[ECO "C65"]
[NIC "RL.07"]
[Time "16:00:14"]
[PlyCount "78"]
[TimeControl "1800+10"]

1. e4 e5 2. Nf3 Nc6 3. Bb5 Nf6 4. d3 Bd6 5. O-O a6 6. Ba4 O-O 7. c3 Re8 8.
Re1 Bf8 9. Nbd2 d6 10. h3 Bd7 11. Nf1 g6 12. Ng3 Bg7 13. d4 b5 14. Bc2 h6
15. a4 Na5 16. b3 c5 17. d5 Qc7 18. Bd2 bxa4 19. b4 Nc4 20. Bxa4 Nb2 21. Qc2
Nxa4 22. Rxa4 Bxa4 23. Qxa4 cxb4 24. cxb4 Qd7 25. Qa2 Qb5 26. Re3 Rec8 27.
Ne1 h5 28. h4 Bh6 29. Rf3 Ng4 30. Bxh6 Nxh6 31. Qd2 Ng4 32. Nxh5 Rc4 33. Nc2
Rxe4 34. Ng3 Rc4 35. Ne3 Rxb4 36. Nxg4 Rxg4 37. Qh6 Qa4 38. h5 Qd1+ 39. Nf1
Qxf3 {White resigns} 0-1

[Event "ICC tourney 3107 (30 10)"]
[Site "Internet Chess Club"]
[Date "2023.01.21"]
[Round "3"]
[White "LU, JOSHUA:qingjoshua"]
[Black "Jin, Xiaodong:SuperWJ"]
[Result "1-0"]
[ICCResult "Black resigns"]
[WhiteElo "1922"]
[BlackElo "1944"]
[Opening "QGD: Tarrasch, Prague variation, Normal position"]
[ECO "A13"]
[NIC "TD.04"]
[Time "16:01:36"]
[PlyCount "83"]
[TimeControl "1800+10"]

1. c4 Nf6 2. g3 e6 3. Bg2 d5 4. Nf3 c5 5. cxd5 exd5 6. d4 Nc6 7. O-O Be7 8.
Nc3 O-O 9. b3 Qa5 10. Bb2 Be6 11. Rc1 Rfd8 12. dxc5 Bxc5 13. Na4 Be7 14. Nd4
Nxd4 15. Qxd4 Rac8 16. Nc3 a6 17. Qa4 Qxa4 18. Nxa4 Nd7 19. Bd4 Ba3 20. Bb2
Bxb2 21. Nxb2 b5 22. Nd3 a5 23. Rfd1 Nb6 24. Nf4 g5 25. Nd3 Rxc1 26. Rxc1
Rc8 27. Rxc8+ Nxc8 28. Kf1 Nb6 29. Ke1 f6 30. Kd2 Kf7 31. Kc3 Ke7 32. Kd4
Kd6 33. Nc5 Bc8 34. e4 dxe4 35. Nxe4+ Kc7 36. Nxf6 h6 37. Kc5 Nd7+ 38. Nxd7
Bxd7 39. a3 h5 40. f4 g4 41. Bf1 a4 42. b4 {Black resigns} 1-0

[Event "ICC tourney 3107 (30 10)"]
[Site "Internet Chess Club"]
[Date "2023.01.21"]
[Round "3"]
[White "LIANG, YU-CHENG:Yucheng"]
[Black "NGUYEN, TIEN:ngthanhthuytien"]
[Result "1-0"]
[ICCResult "Black resigns"]
[WhiteElo "2095"]
[BlackElo "2050"]
[Opening "Grünfeld: modern exchange variation"]
[ECO "D85"]
[NIC "GI.04"]
[Time "16:00:12"]
[PlyCount "81"]
[TimeControl "1800+10"]

1. d4 Nf6 2. c4 g6 3. Nc3 d5 4. cxd5 Nxd5 5. e4 Nxc3 6. bxc3 Bg7 7. Nf3 c5
8. Bb5+ Bd7 9. Be2 Qa5 10. Bd2 Qa4 11. O-O O-O 12. Qxa4 Bxa4 13. Rac1 Rd8
14. Be3 cxd4 15. cxd4 Nc6 16. d5 Nb4 17. Rc4 Bb5 18. Rxb4 Bxe2 19. Rc1 b5
20. Nd4 a5 21. Rb2 Bd3 22. f3 Rdc8 23. Rxc8+ Rxc8 24. Nc6 Bxb2 25. Nxe7+ Kf8
26. Nxc8 Bc4 27. Nd6 a4 28. Kf2 Bxa2 29. Nxb5 Ke8 30. Bc5 f5 31. Ke3 Kd7 32.
Kf4 Bc4 33. Na3 Bc1+ 34. Ke5 Bb2+ 35. Kf4 Bc1+ 36. Kg3 g5 37. Nxc4 Bf4+ 38.
Kf2 Bxh2 39. e5 g4 40. fxg4 fxg4 41. g3 {Black resigns} 1-0

[Event "ICC tourney 3107 (30 10)"]
[Site "Internet Chess Club"]
[Date "2023.01.21"]
[Round "3"]
[White "Belous, Vladimir:Openyagami"]
[Black "Fawzy, Adham:domti"]
[Result "0-1"]
[ICCResult "White resigns"]
[WhiteElo "2562"]
[BlackElo "2539"]
[Opening "Réti opening"]
[ECO "A04"]
[NIC "QP.10"]
[Time "16:02:24"]
[PlyCount "108"]
[TimeControl "1800+10"]

1. Nf3 c5 2. g3 Nc6 3. Bg2 e5 4. O-O g6 5. c4 Bg7 6. Nc3 Nge7 7. a3 O-O 8.
b4 cxb4 9. axb4 e4 10. Ng5 d5 11. b5 Nd4 12. cxd5 Nxd5 13. Ngxe4 Bg4 14. f3
Be6 15. Rb1 f5 16. Nxd5 Bxd5 17. Nc3 Bc4 18. d3 Nxe2+ 19. Qxe2 Re8 20. Qd2
Qd4+ 21. Rf2 Bxd3 22. Rb3 Rad8 23. Bf1 Qc4 24. Qa2 Re1 25. Bd2 Rxf1+ 26.
Rxf1 Bxf1 27. Ra3 Qxa2 28. Rxa2 Bc4 29. Rc2 Rxd2 30. Rxd2 Bxc3 31. Rd8+ Kf7
32. Rd7+ Ke6 33. Rxb7 Bd4+ 34. Kg2 h5 35. h4 Bb6 36. Rg7 Kf6 37. Rd7 Bxb5
38. Rd6+ Kf7 39. Kh3 Bc7 40. Rd5 Be8 41. g4 fxg4+ 42. fxg4 Ke7 43. Rc5 Kd6
44. Rc1 Bd7 45. Kg3 Bxg4 46. Kf4 Kd7+ 47. Kg5 Bf5 48. Ra1 Bb6 49. Kf4 a5 50.
Ke5 Kc6 51. Rc1+ Bc5 52. Ra1 Kb5 53. Kd5 Bb4 54. Re1 Bxe1 {White resigns}
0-1

[Event "ICC tourney 3107 (30 10)"]
[Site "Internet Chess Club"]
[Date "2023.01.21"]
[Round "3"]
[White "HEBDEN, MARK L:mhebden"]
[Black "Gaw, Chloe:HarleyQueen8"]
[Result "1-0"]
[ICCResult "Black resigns"]
[WhiteElo "2529"]
[BlackElo "2035"]
[Opening "QGA: classical, 6...a6"]
[ECO "D27"]
[NIC "QG.07"]
[Time "16:00:07"]
[PlyCount "149"]
[TimeControl "1800+10"]

1. d4 d5 2. c4 dxc4 3. Nf3 Nf6 4. e3 e6 5. Bxc4 c5 6. O-O a6 7. Bb3 b5 8. e4
cxd4 9. e5 Ne4 10. Nxd4 Bb7 11. Nc3 Nxc3 12. bxc3 Nc6 13. Qf3 Qc7 14. Qg3 g6
15. a4 b4 16. Nxc6 Qxc6 17. a5 O-O-O 18. Ba4 Qe4 19. Bg5 Rd3 20. f3 Bc5+ 21.
Kh1 Qd5 22. cxb4 Bxb4 23. Bc2 Rc3 24. Be4 Qb5 25. Bxb7+ Qxb7 26. Rab1 Rc4
27. h3 Kb8 28. Rb3 Ka8 29. Rfb1 Rb8 30. Be3 Qe7 31. Qf2 Rb5 32. Qe2 Qc7 33.
Bb6 Qc6 34. Kh2 Rc2 35. Qe4 Qxe4 36. fxe4 Rc4 37. Rd1 Rxe4 38. Rd7 Rexe5 39.
Rxf7 Re2 40. Rd3 Rd5 41. Rxd5 exd5 42. Kg3 Be1+ 43. Kh2 h5 44. Kg1 Ra2 45.
Kf1 Bxa5 46. Bd4 Rd2 47. Be3 Rd1+ 48. Ke2 Re1+ 49. Kf2 Rb1 50. Ra7+ Kb8 51.
Rxa6 Be1+ 52. Ke2 Bc3 53. Kd3 Ba1 54. Rxg6 Rb3+ 55. Ke2 d4 56. Bd2 Rb5 57.
Kd3 Rb3+ 58. Kc4 Rb2 59. Bf4+ Kc8 60. g3 Rc2+ 61. Kd3 Rc3+ 62. Ke4 Rc2 63.
h4 Re2+ 64. Kd3 Re1 65. Rg5 Rd1+ 66. Kc2 Rg1 67. Rxh5 Bc3 68. Rg5 Be1 69. h5
Bf2 70. h6 Rh1 71. Rg7 Rh2 72. Kd3 Kd8 73. h7 Bxg3 74. Bxg3 Ke8 75. Bxh2
{Black resigns}
1-0

[Event "ICC tourney 3107 (30 10)"]
[Site "Internet Chess Club"]
[Date "2023.01.21"]
[Round "4"]
[White "ZHOU, JIANCHAO:TomCruise999"]
[Black "Belous, Vladimir:Openyagami"]
[Result "0-1"]
[ICCResult "White resigns"]
[WhiteElo "2638"]
[BlackElo "2562"]
[Opening "King's Indian defense"]
[ECO "E60"]
[NIC "KI.80"]
[Time "18:00:48"]
[PlyCount "54"]
[TimeControl "1800+10"]

1. d4 Nf6 2. c4 g6 3. h4 b6 4. Nc3 Bb7 5. Qc2 Bg7 6. e4 d6 7. Nf3 O-O 8. Be2
Nbd7 9. Be3 a6 10. Rd1 c5 11. d5 b5 12. cxb5 axb5 13. Bxb5 Qa5 14. O-O Rfb8
15. a4 Ba6 16. b3 Qb4 17. Bg5 h6 18. Bxf6 Bxf6 19. Bxa6 Rxa6 20. Nb5 c4 21.
bxc4 Rxa4 22. Nd2 Rc8 23. Rb1 Qa5 24. g3 Ra2 25. Nb3 Qa4 26. Qd1 Rxc4 27.
Nd2 Rcc2 {White resigns} 0-1

[Event "ICC tourney 3107 (30 10)"]
[Site "Internet Chess Club"]
[Date "2023.01.21"]
[Round "4"]
[White "Volkov, Sergey:Volkov"]
[Black "HEBDEN, MARK L:mhebden"]
[Result "1-0"]
[ICCResult "Black resigns"]
[WhiteElo "2522"]
[BlackElo "2529"]
[Opening "King's Indian: Makagonov system (5.h3)"]
[ECO "E71"]
[NIC "KI.30"]
[Time "18:01:07"]
[PlyCount "95"]
[TimeControl "1800+10"]

1. d4 Nf6 2. c4 g6 3. Nc3 Bg7 4. e4 d6 5. h3 O-O 6. Be3 e5 7. d5 Na6 8. Nf3
Nc5 9. Nd2 a5 10. g4 Bd7 11. Be2 c6 12. h4 cxd5 13. cxd5 a4 14. h5 Qa5 15.
f3 a3 16. Nc4 Qb4 17. Bd2 axb2 18. Rb1 Ba4 19. Nxa4 Qxa4 20. Qxa4 Nxa4 21.
h6 Bh8 22. Nxd6 Nd7 23. Bb5 Ndc5 24. Ke2 Bf6 25. Nc4 Rfc8 26. Nxb2 Nb6 27.
Ra1 Be7 28. Rhc1 Kf8 29. Nc4 Nxc4 30. Bxc4 Bd6 31. Rab1 Ke7 32. Rb6 f6 33.
g5 fxg5 34. Bxg5+ Kd7 35. Rc2 Kc7 36. Rb1 b6 37. Bb5 Ra3 38. Bc1 Ra7 39. Bc6
Rb8 40. a4 Rf8 41. Bg5 Rf7 42. Rc4 Be7 43. Be8 Bxg5 44. Bxf7 Bd8 45. Bxg6
hxg6 46. h7 Bf6 47. Rg1 Kd6 48. Rxg6 {Black resigns} 1-0

[Event "ICC tourney 3107 (30 10)"]
[Site "Internet Chess Club"]
[Date "2023.01.21"]
[Round "4"]
[White "LU, JOSHUA:qingjoshua"]
[Black "DINESH, ABINAV:abi2009"]
[Result "0-1"]
[ICCResult "White resigns"]
[WhiteElo "1922"]
[BlackElo "1986"]
[Opening "English: Bremen system, Keres variation"]
[ECO "A23"]
[NIC "EO.12"]
[Time "18:00:30"]
[PlyCount "116"]
[TimeControl "1800+10"]

1. c4 e5 2. Nc3 Nf6 3. g3 c6 4. Nf3 e4 5. Nd4 d5 6. cxd5 cxd5 7. Bg2 Nc6 8.
Nxc6 bxc6 9. d3 exd3 10. Qxd3 Bb4 11. O-O O-O 12. b3 a5 13. a3 Ba6 14. Qc2
Bd6 15. Rd1 Re8 16. e3 Rb8 17. Na4 Bb5 18. Nc5 Qb6 19. Nd3 Bxd3 20. Rxd3 Nd7
21. Rb1 Be5 22. Bb2 Bxb2 23. Rxb2 Ne5 24. Rd4 Nc4 25. Rxc4 dxc4 26. Qxc4 Re6
27. Rd2 g6 28. Rd3 h5 29. h4 Rd8 30. Rxd8+ Qxd8 31. Bxc6 Qd6 32. Bf3 Rf6 33.
Kg2 Qxa3 34. Bd5 Qb2 35. Bf3 Qe5 36. Qc8+ Kg7 37. Qb7 Qf5 38. Qa8 Rb6 39.
Bd5 Rf6 40. Bf3 Kh7 41. Qb7 Qc2 42. Qd5 Qc3 43. Be4 Kg7 44. Qb7 Qb2 45. Bf3
Rxf3 46. Qxf3 Qxb3 47. Qf4 a4 48. Qe5+ Kh7 49. g4 Qd1 50. gxh5 Qxh5 51. Qf4
Qd5+ 52. e4 Qe6 53. h5 a3 54. hxg6+ Qxg6+ 55. Kf1 a2 56. Qc1 Qa6+ 57. Kg2
a1=Q 58. Qg5 Qg6 {White resigns} 0-1

[Event "ICC tourney 3107 (30 10)"]
[Site "Internet Chess Club"]
[Date "2023.01.21"]
[Round "4"]
[White "NGUYEN, TIEN:ngthanhthuytien"]
[Black "Gaw, Chloe:HarleyQueen8"]
[Result "0-1"]
[ICCResult "White checkmated"]
[WhiteElo "2050"]
[BlackElo "2035"]
[Opening "Réti opening"]
[ECO "A30"]
[NIC "EO.35"]
[Time "18:00:40"]
[PlyCount "190"]
[TimeControl "1800+10"]

1. Nf3 c5 2. c4 Nc6 3. d4 cxd4 4. Nxd4 g6 5. Nc3 Bg7 6. Nc2 a6 7. e4 e6 8.
Be3 Qc7 9. Qd2 Nge7 10. Be2 O-O 11. f4 Rd8 12. Na4 Re8 13. Bb6 Qb8 14. O-O
d5 15. e5 f6 16. exf6 Bxf6 17. Ne3 d4 18. Ng4 Bg7 19. Nc5 Nf5 20. Ne4 Rf8
21. Bc5 Rd8 22. Ngf6+ Bxf6 23. Nxf6+ Kg7 24. Ne4 b6 25. Ba3 Bb7 26. Ng5 Re8
27. Bf3 h6 28. Ne4 e5 29. g4 Ne3 30. Bd6 Nxc4 31. Bxb8 Nxd2 32. Nxd2 Raxb8
33. Rac1 Rec8 34. Nc4 Nb4 35. Nxe5 Bxf3 36. Nxf3 Nxa2 37. Ra1 Nb4 38. Nxd4
Rc4 39. Rad1 Kf6 40. f5 g5 41. Rfe1 Rd8 42. Ne2 Rxg4+ 43. Ng3 Rxd1 44. Rxd1
Ke7 45. Re1+ Kf7 46. Re6 h5 47. Rxb6 h4 48. Kg2 hxg3 49. h3 Rf4 50. Kxg3 a5
51. Rb5 a4 52. Rb6 Nd5 53. Ra6 Ne3 54. Rb6 Nxf5+ 55. Kg2 Nh4+ 56. Kg3 Nf5+
57. Kg2 Ne3+ 58. Kg3 Nd5 59. Rb7+ Kf6 60. b3 axb3 61. Rxb3 Ke5 62. Rb8 Nf6
63. Rb5+ Nd5 64. Rb8 Ne7 65. Re8 Kd6 66. Rd8+ Ke6 67. Ra8 Nf5+ 68. Kg2 Kf6
69. Ra6+ Ke5 70. Ra8 Re4 71. Kf3 Rf4+ 72. Kg2 Nd6 73. Ra5+ Kf6 74. Ra6 Ke6
75. Kg3 Ke7 76. Ra7+ Ke6 77. Ra6 Kd7 78. Ra7+ Kc6 79. Ra6+ Kc7 80. Ra7+ Kb6
81. Rd7 Kc6 82. Rd8 Kc7 83. Rg8 Ne4+ 84. Kg2 Kd6 85. Rh8 Ke5 86. Rd8 Rf2+
87. Kg1 Kf4 88. Re8 Ra2 89. Rb8 Rc2 90. Rb4 Kf3 91. Ra4 Rg2+ 92. Kf1 Rf2+
93. Ke1 Re2+ 94. Kf1 Ng3+ 95. Kg1 Rg2# {White checkmated} 0-1